 Dungeon Crawl Stone Soup version 0.23.0 (webtiles) character file.

Game seed: 6206193373707641610

456074 DrEnzyme the Hoplite (level 24, 0/162 HPs)
             Began as a Gargoyle Fighter on Feb 13, 2019.
             Was the Champion of the Shining One.
             Slain by an ironbrand convoker
             ... wielding a +0 dire flail
              (5 damage)
             ... on level 2 of the Vaults on Feb 14, 2019.
             The game lasted 01:47:10 (53635 turns).

DrEnzyme the Hoplite (Gargoyle Fighter)            Turns: 53635, Time: 01:47:10

Health: 0/162      AC: 43    Str: 33    XL:     24   Next: 39%
Magic:  0/32       EV: 10    Int: 13    God:    the Shining One [******]
Gold:   2612       SH: 28    Dex:  9    Spells: 23/23 levels left

rFire    + + .     SeeInvis .   L - +4 trident "Gotuok" {freeze, rC+ MR+ Stlth+}
rCold    + . .     Gourm    .   d - +2 large shield
rNeg     + + +     Faith    .   J - +0 plate armour {rF+}
rPois    ∞         Spirit   +   (helmet restricted)
rElec    +         Reflect  .   A - scarf {repulsion}
rCorr    .         Harm     .   Y - +2 pair of gloves
MR       ++++.                  X - +2 pair of boots {run}
Stlth    ..........             o - amulet of guardian spirit
HPRegen  0.37/turn              Z - ring of the Mage {Wiz MR++ Int+3}
MPRegen  0.23/turn              W - ring of protection from fire

@: flying, glowing, studying Armour, repel missiles, quick
A: big wings, beak, negative energy resistance 1, electricity resistance, strong
1, unbreathing, petrification resistance, rot immunity, AC +18
}: 2/15 runes: decaying, serpentine
a: Stop Flying, Divine Shield, Cleansing Flame, Summon Divine Warrior, Brand
Weapon With Holy Wrath, Renounce Religion


You were on level 2 of the Vaults.
You worshipped the Shining One.
The Shining One was exalted by your worship.
You were hungry.

You visited 9 branches of the dungeon, and saw 40 of its levels.
You visited the Abyss 1 time.
You also visited: Ice Cave and Wizlab.

You collected 4139 gold pieces.
You spent 1527 gold pieces at shops.

Inventory:

Hand Weapons
 a - the +4 glaive of Dim Light {speed, Dex+2 SInv}
   (You found it on level 3 of the Snake Pit)

   Attacks with this weapon are significantly faster.
   It affects your dexterity (+2).
   It lets you see invisible.
 h - a +6 trident of flaming
 z - the +1 trident of Symmetry {freeze, +Fly rPois rC- MR++}
   (You found it on level 5 of the Dungeon)

   It has been specially enchanted to freeze those struck by it, causing extra
   injury to most foes and up to half again as much damage against particularly
   susceptible opponents.
   It can also slow down cold-blooded creatures.
   It makes you vulnerable to cold.
   It protects you from poison.
   It affects your resistance to hostile enchantments.
   It lets you fly.
 L - the +4 trident "Gotuok" (weapon) {freeze, rC+ MR+ Stlth+}
   (You found it on level 1 of the Lair of Beasts)

   It has been specially enchanted to freeze those struck by it, causing extra
   injury to most foes and up to half again as much damage against particularly
   susceptible opponents.
   It can also slow down cold-blooded creatures.
   It protects you from cold.
   It affects your resistance to hostile enchantments.
   It makes you more stealthy.
Armour
 d - a +2 large shield (worn)
 A - a scarf of repulsion (worn)
 J - a +0 plate armour of fire resistance (worn)
 X - a +2 pair of boots of running (worn)
 Y - a +2 pair of gloves (worn)
Jewellery
 c - the ring "Horaclaf" {rCorr MR+ MP-9 Str+2 SInv}
   (You took it off a deep elf sorcerer on level 3 of the Elven Halls)

   [ring of resist corrosion]

   It affects your strength (+2).
   It affects your resistance to hostile enchantments.
   It affects your magic capacity (-9).
   It lets you see invisible.
 o - an amulet of guardian spirit (around neck)
 r - an uncursed ring of protection from cold
 W - a ring of protection from fire (right hand)
 Z - the ring of the Mage (left hand) {Wiz MR++ Int+3}
   (You found it on level 2 of the Depths)

   [ring of wizardry]

   It improves your spell success rate.
   It affects your intelligence (+3).
   It affects your resistance to hostile enchantments.
Wands
 b - a wand of disintegration (28)
 g - a wand of scattershot (13)
 l - a wand of iceblast (40)
 y - a wand of acid (6)
 B - a wand of flame (77)
 C - a wand of polymorph (26)
 G - a wand of paralysis (14)
 S - a wand of digging (11)
 V - a wand of enslavement (6)
Scrolls
 e - 20 scrolls of remove curse
 i - 7 scrolls of identify
 j - 3 scrolls of blinking
 u - 4 scrolls of enchant weapon
 x - 5 scrolls of fog
 E - 4 scrolls of immolation
 F - 2 scrolls of silence
 I - 3 scrolls of brand weapon
 M - 4 scrolls of magic mapping
 R - 8 scrolls of teleportation
 U - a scroll of fear {unknown}
Potions
 n - 9 potions of resistance
 t - 6 potions of agility
 D - 2 potions of haste
 N - 4 potions of cancellation
 P - 4 potions of mutation
 Q - 6 potions of curing
 T - 3 potions of might
Books
 p - a manual of Armour
Miscellaneous
 v - 3 phantom mirrors
 K - a fan of gales
Comestibles
 f - 56 rations
 k - 2 chunks of flesh


   Skills:
 + Level 19.7 Fighting
 + Level 18.8 Polearms
 + Level 16.5 Armour
 + Level 5.1 Dodging
 + Level 3.4 Stealth
 + Level 23.7 Shields
 * Level 12.9 Invocations
 + Level 1.5 Evocations


You had 23 spell levels left.
You didn't know any spells.
Your spell library contained the following spells:

 Spells                   Type           Power        Failure   Level  Hunger
 Animate Skeleton         Necr           N/A          52%         1    ##.....
 Apportation              Tloc           #.....       52%         1    ##.....
 Beastly Appendage        Tmut           #.....       52%         1    ##.....
 Confusing Touch          Hex            #.....       52%         1    ##.....
 Flame Tongue             Conj/Fire      #....        52%         1    ##.....
 Infusion                 Chrm           #...         52%         1    ##.....
 Magic Dart               Conj           #...         52%         1    ##.....
 Summon Small Mammal      Summ           #...         52%         1    ##.....
 Call Imp                 Summ           #.......     65%         2    ###....
 Corpse Rot               Necr           N/A          65%         2    ###....
 Searing Ray              Conj           #.....       65%         2    ###....
 Shroud of Golubria       Chrm/Tloc      #.........   65%         2    ###....
 Song of Slaying          Chrm           #.......     65%         2    ###....
 Sticks to Snakes         Tmut           #.......     65%         2    ###....
 Throw Flame              Conj/Fire      #.....       65%         2    ###....
 Call Canine Familiar     Summ           #.......     86%         3    ####...
 Confuse                  Hex            #.......     86%         3    ####...
 Dazzling Spray           Conj/Hex       #.....       86%         3    ####...
 Gell's Gravitas          Tloc           #.........   86%         3    ####...
 Ignite Poison            Fire/Tmut/Pois #.......     86%         3    ####...
 Portal Projectile        Hex/Tloc       #.....       86%         3    ####...
 Regeneration             Chrm/Necr      #.........   86%         3    ####...
 Spectral Weapon          Hex/Chrm       #.......     86%         3    ####...
 Spider Form              Tmut/Pois      #.........   86%         3    ####...
 Static Discharge         Conj/Air       #.......     86%         3    ####...
 Summon Guardian Golem    Hex/Summ       #.......     86%         3    ####...
 Cause Fear               Hex            #.........   99%         4    #####..
 Force Lance              Conj/Tloc      #.......     99%         4    #####..
 Fulminant Prism          Conj/Hex       #.........   99%         4    #####..
 Ice Form                 Ice/Tmut       #.......     99%         4    #####..
 Iskenderun's Mystic Bla  Conj           #.......     99%         4    #####..
 Petrify                  Tmut/Erth      #.......     99%         4    #####..
 Summon Ice Beast         Ice/Summ       #.......     99%         4    #####..
 Summon Lightning Spire   Summ/Air       #.......     99%         4    #####..
 Agony                    Necr           #.......     100%        5    ######.
 Blade Hands              Tmut           #.........   100%        5    ######.
 Bolt of Draining         Conj/Necr      #.........   100%        5    ######.
 Bolt of Magma            Conj/Fire/Erth #.........   100%        5    ######.
 Dispel Undead            Necr           #.......     100%        5    ######.
 Excruciating Wounds      Chrm/Necr      #.........   100%        5    ######.
 Iskenderun's Battlesphe  Conj/Chrm      #.......     100%        5    ######.
 Lightning Bolt           Conj/Air       #.........   100%        5    ######.
 Metabolic Englaciation   Hex/Ice        #.........   100%        5    ######.
 Silence                  Hex/Air        #.........   100%        5    ######.
 Venom Bolt               Conj/Pois      #.........   100%        5    ######.
 Yara's Violent Unravell  Hex/Tmut       #.........   100%        5    ######.
 Bolt of Cold             Conj/Ice       #.........   100%        6    #######
 Deflect Missiles         Chrm/Air       #.........   100%        6    #######
 Dispersal                Tloc           #.........   100%        6    #######
 Freezing Cloud           Conj/Ice/Air   #.........   100%        6    #######
 Iron Shot                Conj/Erth      #.........   100%        6    #######
 Ozocubu's Refrigeration  Ice            #.........   100%        6    #######
 Simulacrum               Ice/Necr       #.........   100%        6    #######
 Orb of Destruction       Conj           #.........   100%        7    #######
 Ring of Flames           Chrm/Fire      #.........   100%        7    #######
 Spellforged Servitor     Conj/Summ      #.........   100%        7    #######
 Controlled Blink         Tloc           N/A          100%        8    #######
 Discord                  Hex            #.........   100%        8    #######
 Disjunction              Tloc           #.........   100%        8    #######
 Ignition                 Fire           #.........   100%        8    #######
 Shatter                  Erth           #.........   100%        9    #######
 Tornado                  Air            #.........   100%        9    #######
 Sublimation of Blood     Necr           Unusable     N/A         2    N/A

Dungeon Overview and Level Annotations

Branches:
Dungeon (15/15)            Temple (1/1) D:5            Lair (6/6) D:10
  Swamp (4/4) Lair:2        Snake (4/4) Lair:4        Slime (0/5) Lair:6
    Orc (2/2) D:9             Elf (3/3) Orc:2        Vaults (2/5) D:13
  Crypt (0/3) Vaults:2     Depths (3/5) D:15

Altars:
Ashenzari
Cheibriados
Dithmenos
Elyvilon
Fedhas
Gozag
Hepliaklqana
Kikubaaqudgha
Makhleb
Nemelex Xobeh
Okawaru
Qazlal
Ru
Sif Muna
Trog
Uskayaw
Vehumet
Wu Jian
Xom
Yredelemnul
Zin
The Shining One
Beogh
Jiyva

Shops:
D:4 *[%!:   D:10 **(:*   Orc:1 }   Orc:2 (:[*   Vaults:2 (

Portals:
Hell: Depths:1 Depths:2
Abyss: Depths:2
Trove: Vaults:2 (give 7 potions of agility)

Annotations:
D:3 exclusion: downstairs
D:6 1 runed translucent door, Crazy Yiuf
D:8 1 runed translucent door, exclusion: door
D:9 3 runed translucent doors, exclusion: 3 doors
D:10 exclusion: downstairs
D:14 exclusion: downstairs
D:15 2 transporters, ultrashaft's ghost, journeyman MiBe
Lair:3 exclusion: downstairs
Lair:5 exclusions: downstairs and oklob plant
Lair:6 exclusion: oklob plant
Swamp:2 2 transporters, exclusion: Roxanne, Roxanne
Snake:1 1 runed translucent door, wjtupper's ghost, adept MiHu
Snake:3 exclusion: downstairs
Vaults:1 exclusion: downstairs


Innate Abilities, Weirdness & Mutations

You are resistant to torment.
Your stone body is resilient. (AC +18)
You are immune to poison.
Your large and strong wings let you fly indefinitely.
You resist negative energy. (rN+)
You are resistant to electric shocks. (rElec)
You can survive without breathing.
You are immune to petrification.
You are immune to rotting.
You have a beak for a mouth.
Your muscles are strong. (Str +2)


Message History

You barely miss the large abomination.
The large abomination is severely damaged.
The stone giant hits your angel!!!
Your angel dies!
The ironbrand convoker shouts!
The stone giant shouts!
You hit the large abomination but do no damage.
You peck the large abomination, but do no damage.
The large abomination is severely damaged.
You block the large abomination's attack.
You hit the large abomination. You freeze the large abomination.
The large abomination is severely damaged.
The large abomination hits you but does no damage.
You block the ironbrand convoker's attack.
You barely miss the large abomination.
The large abomination is severely damaged.
You reach down and open the door.
The large abomination hits you!!
* * * LOW HITPOINT WARNING * * *
The ironbrand convoker hits you with a +0 dire flail.
You die...

#############
......[.)p..#
......).CX@.#
######'####'#
§..#....#
.....#....#
#######)####
........)..#
...........#
################''#
..................#


You could see a stone giant, a large abomination and an ironbrand convoker.

Vanquished Creatures
  A juggernaut (Depths:2)
  the Lernaean hydra (Swamp:4)
  Rupert (Lair:4)
  An Ice Fiend (IceCv)
  2 deep elf blademasters (Elf:3)
  3 deep elf master archers (Elf:3)
  Gastronok (Lair:1)
  A thorn hunter (Swamp:4)
  A shadow dragon (Depths:2)
  Agnes (Elf:1)
  A tengu reaver (Vaults:1)
  13 nagarajas
  A storm dragon (Vaults:2)
  2 frost giants (Vaults:2)
  8 deep elf sorcerers (Elf:3)
  Louise (Elf:2)
  A balrug (Depths:1)
  5 vault wardens
  4 deep elf elementalists (Elf:3)
  A juggernaut zombie (D:15)
  An iron dragon (Depths:2)
  A war gargoyle (Vaults:2)
  3 ironheart preservers
  4 very ugly things
  5 stone giants
  An ophan (Abyss:2)
  Azrael (D:15)
  5 deep elf demonologists
  3 vampire knights
  9 deep elf annihilators (Elf:3)
  Nessos (D:15)
  An entropy weaver (Vaults:1)
  An orange crystal statue (WizLab)
  The ghost of Para the Severer, a journeyman MiBe of Trog (Orc:2)
  An ettin (shapeshifter) (Depths:2)
  2 ettins (Vaults:2)
  9 deep elf death magi
  A merfolk impaler (Depths:1)
  Snorg (Orc:1)
  2 crystal guardians (Depths:3)
  Erolcha (D:10)
  6 deep elf high priests
  Josephine (Lair:5)
  10 fire dragons
  6 yaktaur captains
  3 great orbs of eyes
  7 ice dragons
  10 vault guards
  14 naga warriors
  3 rakshasas
  A spriggan air mage (Depths:2)
  18 hydras
  3 ghost crabs
  5 centaur warriors
  A shambling mangrove (Swamp:4)
  7 ogre magi
  27 anacondas
  16 alligators
  A queen ant (D:11)
  A merfolk avatar (Lair:6)
  7 tengu warriors
  30 dancing weapons
  4 deep troll shamans (Depths:2)
  29 two-headed ogres
  2 vampire magi
  6 deep troll earth magi
  9 shock serpents
  3 spriggan berserkers (Depths:2)
  A large abomination (Elf:3)
  4 orc high priests (Orc:2)
  6 naga sharpshooters
  6 death yaks (Lair:5)
  70 slime creatures
  Sonja (D:11)
  23 deep elf knights
  6 hell knights
  A spriggan (Swamp:4)
  A skeletal warrior (D:15)
  2 sun demons (Depths:1)
  4 iron trolls (Depths:2)
  5 salamander mystics
  A shadow wraith (Vaults:2)
  An unseen horror (shapeshifter) (Vaults:2)
  A sixfirhy (Abyss:2)
  13 swamp dragons
  2 sea snakes
  2 glowing orange brains (Vaults:1)
  An unseen horror (D:14)
  A flayed ghost (Depths:1)
  12 naga ritualists
  18 deep trolls
  8 orc knights
  4 phantasmal warriors
  A harpy (shapeshifter) (D:14)
  10 ironbrand convokers
  9 deep elf archers
  68 deep elf magi
  8 mana vipers
  2 wolf spiders
  23 salamanders
  2 fire giant zombies
  4 necromancers
  A salamander (shapeshifter) (Vaults:1)
  A cyclops (shapeshifter) (Depths:3)
  A manticore (D:12)
  36 ugly things
  6 orc sorcerers
  10 cyclopes
  A human skeleton (Vaults:2)
  2 black mambas (shapeshifter)
  An ice statue (IceCv)
  10 guardian serpents
  43 black mambas
  2 vault sentinels (Vaults:1)
  9 elephants
  4 gargoyles
  A frost giant skeleton (D:15)
  A torpor snail (Lair:5)
  A human zombie (Vaults:2)
  16 naga magi
  22 spiny frogs
  6 freezing wraiths
  10 rime drakes
  3 anaconda simulacra (IceCv)
  13 yaktaurs
  A guardian mummy (D:15)
  5 ice devils (IceCv)
  12 komodo dragons
  A yaktaur zombie (Vaults:2)
  A tengu conjurer (D:11)
  A golden dragon simulacrum (IceCv)
  3 wind drakes
  A yaktaur skeleton (Vaults:2)
  10 trolls
  3 meliai (D:14)
  A troll (shapeshifter) (Orc:2)
  A wolf spider simulacrum (IceCv)
  4 polar bears
  2 queen bees (shapeshifter)
  Grinder (D:6)
  13 tyrant leeches
  A queen bee (D:14)
  7 bog bodies
  6 hornets
  11 blink frogs
  Prince Ribbit (Lair:2)
  5 dream sheep (Lair:4)
  A slime creature (shapeshifter) (Depths:3)
  7 hippogriffs
  A stone giant simulacrum (Vaults:1)
  Sigmund (D:2)
  20 water elementals
  An ice dragon skeleton (D:15)
  A shadow (Swamp:1)
  A tarantella (Vaults:1)
  A tarantella (shapeshifter) (Depths:1)
  3 redbacks (Vaults:1)
  6 air elementals
  6 wyverns
  2 dire elephant simulacra (IceCv)
  A vampire (D:12)
  3 wraiths (Lair:5)
  A fire bat (Abyss:2)
  48 yaks
  10 humans (D:13)
  2 golden eyes (shapeshifter)
  21 vampire mosquitoes
  A basilisk (Lair:4)
  A yaktaur simulacrum (Vaults:1)
  3 hungry ghosts
  8 fire elementals
  4 acid dragons
  3 harpy simulacra (IceCv)
  Edmund (D:6)
  16 insubstantial wisps
  16 swamp worms
  7 wargs
  43 nagas
  3 iron troll simulacra (IceCv)
  7 soldier ants (D:11)
  4 hell hounds (D:15)
  16 water moccasins
  5 porcupines
  2 hydra simulacra (IceCv)
  Duvessa (D:6)
  An ettin simulacrum (IceCv)
  4 ice beasts
  37 orc warriors
  An alligator simulacrum (IceCv)
  3 sky beasts
  14 swamp drakes
  3 small abominations
  A necrophage (D:9)
  3 phantoms
  An eye of draining (shapeshifter) (Vaults:1)
  3 eyes of draining
  3 wolves
  7 boggarts
  19 ogres
  5 centaurs
  15 crocodiles
  10 bullfrogs
  4 earth elementals
  Dowan (D:6)
  6 scorpions
  27 killer bees
  3 howler monkeys
  4 wights (D:13)
  An electric eel (D:10)
  11 crimson imps
  A draconian simulacrum (IceCv)
  4 centaur zombies
  2 jellies
  27 orc priests
  12 hounds
  37 orc wizards
  2 bullfrog skeletons
  5 iguanas
  22 worker ants
  2 polar bear simulacra (IceCv)
  2 wolf simulacra (IceCv)
  A centaur simulacrum (IceCv)
  2 hound skeletons
  A worker ant zombie (D:9)
  A howler monkey skeleton (D:4)
  An ogre simulacrum (IceCv)
  17 adders
  3 naga simulacra (IceCv)
  6 shadow imps
  4 white imps
  7 ufetubi (IceCv)
  2 oozes
  2 adder skeletons
  A worm (D:4)
  3 dart slugs
  6 leopard geckos
  102 orcs
  A ball python (D:2)
  6 giant cockroaches
  9 hobgoblins
  16 jackals
  6 kobolds
  9 quokkas
  6 bats
  3 frilled lizards
  12 goblins
  A leopard gecko zombie (D:5)
  6 rats
  A crawling corpse (Vaults:2)
  A fungus (Lair:4)
  A plant (Lair:6)
1764 creatures vanquished.

Vanquished Creatures (collateral kills)
  A sphinx (Vaults:2)
  2 very ugly things (Depths:1)
  A great orb of eyes (Depths:1)
  A tengu warrior (Depths:1)
  2 deep troll earth magi (Depths:1)
  A deep troll (Depths:1)
  2 yaktaurs
  A tengu conjurer (Depths:1)
  4 slime creatures
15 creatures vanquished.

Vanquished Creatures (others)
  A vampire knight (Vaults:2)
  A deep elf mage (Elf:2)
  2 hornets (Swamp:4)
  A human (D:13)
  A naga (Snake:4)
  An ogre (Vaults:2)
  2 boggarts (Vaults:1)
  A bullfrog (D:7)
  An orc priest (Orc:2)
  A worker ant (D:7)
  A gnoll (D:7)
  2 white imps (IceCv)
  3 ufetubi (IceCv)
  5 fungi
  5 plants (Lair:6)
  3 withered plants
31 creatures vanquished.

Grand Total: 1810 creatures vanquished

Notes
Turn   | Place    | Note
-------+----------+-------------------------------------------
     0 | D:1      | DrEnzyme the Gargoyle Fighter began the quest for the Orb.
     0 | D:1      | Reached XP level 1. HP: 14/14 MP: 1/1
   414 | D:1      | Reached XP level 2. HP: 20/20 MP: 2/2
   950 | D:2      | Reached XP level 3. HP: 24/24 MP: 3/3
   983 | D:2      | Reached skill level 4 in Shields
  1134 | D:2      | Reached XP level 4. HP: 26/29 MP: 4/4
  1398 | D:2      | Noticed Sigmund
  1411 | D:2      | Killed Sigmund
  1411 | D:2      | Reached skill level 1 in Dodging
  1411 | D:2      | Reached skill level 1 in Stealth
  1411 | D:2      | Reached XP level 5. HP: 22/33 MP: 5/5
  1411 | D:2      | Reached XP level 6. HP: 25/38 MP: 6/6
  1511 | D:2      | Found a shimmering altar of Xom.
  1512 | D:2      | Found an iron altar of Okawaru.
  2261 | D:4      | Found Qaxyaggaext's Book Boutique.
  2563 | D:4      | Reached skill level 5 in Shields
  2563 | D:4      | Reached XP level 7. HP: 44/44 MP: 7/7
  2573 | D:4      | Found Tip Zeth's Distillery.
  2581 | D:4      | Bought a potion of agility for 44 gold pieces
  2581 | D:4      | Bought a potion of might for 44 gold pieces
  2652 | D:4      | Found Umicvi's General Store.
  2655 | D:4      | Bought a scroll of noise for 14 gold pieces
  2655 | D:4      | Bought a potion of degeneration for 14 gold pieces
  2756 | D:4      | Found Ujei's Armour Shoppe.
  2790 | D:4      | Found a bloodstained altar of Trog.
  2933 | D:4      | Found Dana's Food Emporium.
  3167 | D:5      | Entered Level 5 of the Dungeon
  3175 | D:5      | Found a staircase to the Ecumenical Temple.
  3208 | Temple   | Entered the Ecumenical Temple
  3427 | Temple   | Became a worshipper of the Shining One
  3480 | D:5      | Reached skill level 5 in Polearms
  3580 | D:5      | Reached skill level 6 in Shields
  3634 | D:5      | Reached XP level 8. HP: 44/48 MP: 8/8
  4823 | D:5      | Got a bloodstained trident
  4824 | D:5      | Identified the cursed +1 trident of Symmetry {freeze, +Fly
                  | rPois rC- MR++} (You found it on level 5 of the Dungeon)
  4951 | D:6      | Noticed Edmund
  4958 | D:6      | Killed Edmund
  4958 | D:6      | Reached skill level 5 in Armour
  5027 | D:6      | Noticed Grinder
  5028 | D:6      | Noticed Duvessa
  5028 | D:6      | Noticed Dowan
  5028 | D:6      | Paralysed by Grinder for 7 turns
  5044 | D:6      | Killed Duvessa
  5044 | D:6      | Reached skill level 5 in Fighting
  5047 | D:6      | Paralysed by Grinder for 4 turns
  5059 | D:6      | Killed Dowan
  5078 | D:6      | Killed Grinder
  5139 | D:6      | Reached XP level 9. HP: 51/54 MP: 9/9
  5228 | D:6      | Reached * piety under the Shining One
  5237 | D:6      | Reached skill level 7 in Shields
  5341 | D:6      | Found a shadowy altar of Dithmenos.
  5395 | D:6      | Found a runed translucent door.
  5396 | D:6      | Noticed Crazy Yiuf
  5900 | D:7      | Found a shimmering altar of Xom.
  6407 | D:8      | Found a runed translucent door.
  6408 | D:8      | Noticed a sixfirhy
  6666 | D:8      | Reached ** piety under the Shining One
  6680 | D:8      | Reached XP level 10. HP: 37/60 MP: 10/10
  6995 | D:9      | Found a runed translucent gate.
  6996 | D:9      | Found a runed translucent gate.
  6996 | D:9      | Noticed a brown ugly thing
  6997 | D:9      | Noticed a red very ugly thing
  6998 | D:9      | Found a runed translucent gate.
  6999 | D:9      | Noticed a white ugly thing
  7000 | D:9      | Noticed a green ugly thing
  7128 | D:9      | Reached skill level 8 in Shields
  7165 | D:9      | Found a staircase to the Orcish Mines.
  7750 | D:10     | Entered Level 10 of the Dungeon
  7762 | D:10     | Reached skill level 10 in Polearms
  8081 | D:10     | Reached *** piety under the Shining One
  8237 | D:9      | Reached skill level 9 in Shields
  8291 | D:10     | Found a staircase to the Lair.
  8317 | D:10     | Reached XP level 11. HP: 27/66 MP: 11/11
  8647 | D:10     | Found Ezxa's General Store.
  8767 | D:10     | Found Cagootuipt's Antique Weapon Shoppe.
  8900 | D:10     | Found Nagi's Book Emporium.
  8902 | D:10     | Found Ilyec's Assorted Antiques.
  8913 | D:10     | Bought a scroll labeled JAENKY HUFUWN for 28 gold pieces
  8916 | D:10     | Bought 3 scrolls of identify for 168 gold pieces
  8923 | D:10     | Bought a sharpened iron wand for 112 gold pieces
  8947 | D:10     | Found Qooffeuv's Assorted Antiques.
  8957 | D:10     | Bought a thin malachite amulet for 135 gold pieces
  8964 | D:11     | Noticed a cyan ugly thing
  8965 | D:11     | Noticed Sonja
  9041 | Lair:1   | Entered Level 1 of the Lair of Beasts
  9041 | Lair:1   | Noticed Gastronok
  9055 | Lair:1   | Killed Gastronok
  9084 | Lair:1   | Reached skill level 10 in Shields
  9352 | Lair:1   | Got a transparent trident
  9353 | Lair:1   | Identified the +4 trident "Gotuok" {freeze, rC+ MR+ Stlth+}
                  | (You found it on level 1 of the Lair of Beasts)
  9750 | Lair:2   | Found a staircase to the Swamp.
  9761 | Lair:2   | Noticed Prince Ribbit
  9774 | Lair:2   | Killed Prince Ribbit
  9788 | Lair:2   | Reached XP level 12. HP: 69/73 MP: 12/12
  9793 | Lair:2   | Noticed a six-headed hydra
  9800 | Lair:2   | Killed a six-headed hydra
  9978 | Lair:2   | Noticed a seven-headed hydra
  9990 | Lair:2   | Killed a seven-headed hydra
 10635 | Lair:3   | Noticed a six-headed hydra
 10642 | Lair:3   | Killed a six-headed hydra
 10781 | Lair:3   | Reached **** piety under the Shining One
 11460 | Lair:4   | Reached skill level 11 in Shields
 11787 | Lair:4   | Reached XP level 13. HP: 80/81 MP: 13/13
 11908 | Lair:4   | Reached skill level 10 in Fighting
 11977 | Lair:4   | Found a staircase to the Snake Pit.
 12273 | Lair:4   | Noticed Rupert
 12288 | Lair:4   | Killed Rupert
 13188 | Lair:5   | Reached skill level 12 in Shields
 13631 | Lair:6   | Entered Level 6 of the Lair of Beasts
 13637 | Lair:6   | Noticed Josephine
 13662 | Lair:5   | Killed Josephine
 13961 | Lair:6   | Gained mutation: Your large and strong wings let you fly
                  | indefinitely. [Gargoyle growth]
 13961 | Lair:6   | Reached XP level 14. HP: 83/90 MP: 14/14
 13986 | Lair:6   | Reached ***** piety under the Shining One
 14325 | Lair:5   | Reached skill level 10 in Armour
 14742 | Lair:6   | Found a viscous altar of Jiyva.
 14743 | Lair:6   | Found a staircase to the Slime Pits.
 14876 | Lair:6   | Reached skill level 13 in Shields
 15438 | Orc:1    | Entered Level 1 of the Orcish Mines
 15480 | Orc:1    | Noticed Snorg
 15504 | Orc:1    | Killed Snorg
 15677 | Orc:1    | Found Tocuh's Gadget Shoppe.
 16336 | Orc:2    | Entered Level 2 of the Orcish Mines
 16458 | Orc:2    | Found a staircase to the Elven Halls.
 16624 | Orc:2    | Reached skill level 15 in Polearms
 17320 | Orc:2    | Found a runed translucent door.
 17321 | Orc:2    | Noticed Para's ghost (journeyman MiBe)
 17824 | Orc:2    | Found a roughly hewn altar of Beogh.
 17824 | Orc:2    | Reached ****** piety under the Shining One
 17826 | Orc:2    | Reached XP level 15. HP: 91/97 MP: 15/15
 18330 | Orc:2    | Found Ucanneadgh's Weapon Shoppe.
 18330 | Orc:2    | Found Ewnukeqy's Book Boutique.
 18333 | Orc:2    | Found Palyt's General Store.
 18333 | Orc:2    | Found Cukaqext's Armour Shoppe.
 18577 | Swamp:1  | Entered Level 1 of the Swamp
 18638 | Swamp:1  | Reached skill level 14 in Shields
 20154 | Swamp:2  | Found a transporter.
 20497 | Swamp:2  | Found a transporter.
 20498 | Swamp:2  | Noticed Roxanne
 20600 | Swamp:2  | Got an ichor-stained chain mail
 20601 | Swamp:2  | Identified the +2 chain mail of a treasure trove {rPois}
                  | (You found it on level 2 of the Swamp)
 21331 | Swamp:3  | Reached skill level 15 in Shields
 21632 | Swamp:3  | Reached XP level 16. HP: 106/106 MP: 16/16
 21866 | Swamp:4  | Entered Level 4 of the Swamp
 21950 | Swamp:4  | Noticed a thorn hunter
 21965 | Swamp:4  | Killed a thorn hunter
 22461 | Swamp:4  | Noticed the 27-headed Lernaean hydra
 22486 | Swamp:4  | Killed the 27-headed Lernaean hydra
 23061 | Swamp:4  | Got a decaying rune of Zot
 23229 | D:11     | Noticed Erolcha
 23244 | D:10     | Killed Erolcha
 23658 | D:11     | Killed Sonja
 24111 | D:12     | Reached skill level 16 in Shields
 25028 | D:13     | Reached skill level 15 in Fighting
 25389 | D:13     | You fall through a shaft!
 25408 | D:14     | Reached XP level 17. HP: 109/113 MP: 17/17
 26589 | D:15     | Entered Level 15 of the Dungeon
 26590 | D:15     | Noticed Azrael
 26630 | D:15     | Killed Azrael
 26705 | D:15     | Found a sacrificial altar of Ru.
 27152 | D:13     | Found a gate to the Vaults.
 27157 | D:13     | Got a twisted shield
 27206 | D:13     | Identified the cursed +0 shield of the Suburbs {+Inv rElec
                  | rPois rC-} (You found it on level 13 of the Dungeon)
 27444 | D:15     | Found a transporter.
 27446 | D:15     | Noticed ultrashaft's ghost (journeyman MiBe)
 27674 | D:15     | Reached skill level 17 in Shields
 27829 | D:15     | Found a transporter.
 27856 | D:15     | Found a staircase to the Depths.
 28001 | D:15     | Noticed Nessos
 28015 | D:15     | Killed Nessos
 28048 | D:15     | Found a white marble altar of Elyvilon.
 28148 | Vaults:1 | Entered Level 1 of the Vaults
 28803 | Elf:1    | Entered Level 1 of the Elven Halls
 29200 | Elf:1    | Reached XP level 18. HP: 86/120 MP: 14/18
 30054 | Elf:1    | Noticed Agnes
 30070 | Elf:1    | Killed Agnes
 30070 | Elf:1    | Reached skill level 18 in Shields
 30837 | Elf:2    | Noticed Louise
 31217 | Elf:2    | Killed Louise
 31980 | Elf:2    | Found a huge runed translucent gate.
 31980 | Elf:2    | Found a huge runed translucent gate.
 31986 | Elf:2    | Found a huge runed translucent gate.
 31987 | Elf:2    | Found a huge runed translucent gate.
 32000 | Elf:2    | Found a huge runed translucent gate.
 32025 | Elf:2    | Noticed a Brimstone Fiend
 32026 | Elf:2    | Noticed a Tzitzimitl
 32471 | Elf:2    | Reached skill level 19 in Shields
 32924 | Elf:2    | Gained mutation: You are frail. (-10% HP) [a cacodemon]
 32927 | Elf:2    | Gained mutation: You are clumsy. (Dex -2) [a cacodemon]
 32949 | Elf:2    | Reached XP level 19. HP: 78/114 MP: 19/19
 33588 | Snake:1  | Entered Level 1 of the Snake Pit
 34190 | Snake:1  | Noticed wjtupper's ghost (adept MiHu)
 34192 | Snake:1  | Found a runed translucent door.
 34435 | Snake:1  | Reached skill level 1 in Invocations
 34821 | Snake:2  | Found a frozen archway.
 34835 | IceCv    | Entered an ice cave
 35903 | IceCv    | Noticed an Ice Fiend
 35952 | IceCv    | Killed an Ice Fiend
 36041 | IceCv    | Identified a +0 pair of boots of running (You found it in
                  | an ice cave)
 36675 | Snake:2  | Found a deep blue altar of Sif Muna.
 37875 | Snake:3  | Identified the +4 glaive of Dim Light {speed, Dex+2 SInv}
                  | (You found it on level 3 of the Snake Pit)
 38273 | Snake:3  | Reached skill level 5 in Invocations
 38506 | Snake:4  | Entered Level 4 of the Snake Pit
 38558 | Snake:4  | Reached skill level 20 in Shields
 38888 | Snake:3  | Reached XP level 20. HP: 35/121 MP: 24/24
 39713 | Orc:2    | Killed Para's ghost
 39833 | D:10     | Bought a potion of curing for 84 gold pieces
 42021 | Snake:4  | Reached skill level 15 in Armour
 42100 | Snake:4  | Got a serpentine rune of Zot
 42451 | Vaults:1 | Reached skill level 21 in Shields
 42841 | Vaults:1 | Lost mutation: You are frail. (-10% HP) [potion of
                  | mutation]
 42841 | Vaults:1 | Lost mutation: You are clumsy. (Dex -2) [potion of
                  | mutation]
 42841 | Vaults:1 | Gained mutation: You have a beak for a mouth. [potion of
                  | mutation]
 42841 | Vaults:1 | Gained mutation: Your muscles are strong. (Str +2) [potion
                  | of mutation]
 43201 | Vaults:1 | Reached XP level 21. HP: 141/141 MP: 27/27
 44630 | Vaults:2 | Paralysed by a vampire knight for 2 turns
 44825 | Vaults:2 | Found a staircase to the Crypt.
 45178 | D:10     | Bought a scroll of acquirement for 884 gold pieces
 45475 | Elf:3    | Entered Level 3 of the Elven Halls
 45522 | Elf:3    | Found a magical portal.
 45545 | WizLab   | Entered Wucad Mu's Monastery
 45724 | WizLab   | Reached skill level 10 in Invocations
 45724 | WizLab   | Reached skill level 1 in Evocations
 45724 | WizLab   | Reached XP level 22. HP: 99/148 MP: 15/29
 46688 | Elf:3    | Cast into level 2 of the Abyss (a deep elf demonologist)
 46845 | Elf:3    | Escaped the Abyss
 47669 | Elf:3    | Identified the ring "Horaclaf" {rCorr MR+ MP-9 Str+2 SInv}
 47691 | Elf:3    | Reached skill level 22 in Shields
 47846 | Elf:3    | Reached XP level 23. HP: 121/153 MP: 25/31
 48214 | Elf:3    | Identified the Almanac of the Volcanoes
 48630 | Snake:3  | Identified the +2 halberd of Objectivity {freeze, rPois
                  | Str+3} (You found it on level 3 of the Snake Pit)
 48876 | Depths:1 | Entered Level 1 of the Depths
 48901 | Depths:1 | Identified the ring of Zuppuepn {+Blink Stlth-}
 50534 | Depths:1 | Found a gateway to Hell.
 50917 | Depths:2 | Reached skill level 23 in Shields
 51139 | Depths:2 | Found a one-way gate to the infinite horrors of the Abyss.
 51542 | Depths:2 | Noticed a juggernaut
 51570 | Depths:2 | Killed a juggernaut
 51570 | Depths:2 | Reached XP level 24. HP: 161/161 MP: 23/32
 51650 | Depths:2 | Found the +7 sceptre of Torment {pain, torment}
 51650 | Depths:2 | Found the ring of the Mage {Wiz MR++ Int+3}
 52632 | Depths:3 | Reached skill level 5 in Dodging
 53017 | Vaults:2 | Found Tytule's Weapon Shoppe.
 53197 | Vaults:2 | Found a portal to a secret trove of treasure.
 53626 | Vaults:2 | HP: 6/162 [large abomination[a deep elf death mage] (34)]
 53635 | Vaults:2 | HP: 5/162 [large abomination[a deep elf death mage] (29)]
 53635 | Vaults:2 | Slain by an ironbrand convoker

Skill      XL: |  1  2  3  4  5  6  7  8  9 10 11 12 13 14 15 16 17 18 19 20 21 22 23 24 |
---------------+-------------------------------------------------------------------------+-----
Polearms       | 2 3 4 5 6 9 10 12 13 14 15 16 17 18 | 18.8
Shields        | 4 5 6 7 9 10 11 12 13 15 16 17 19 20 21 22 23 | 23.7
Fighting       | 4 5 6 7 9 11 12 14 15 16 17 18 19 | 19.7
Dodging        | 1 2 3 4 5 |  5.1
Stealth        | 1 2 3 |  3.4
Armour         | 4 5 6 7 8 9 10 11 12 13 14 15 16 | 16.5
Invocations    | 5 8 10 11 12 | 12.9
Evocations     | 1 |  1.5

Action                   |  1- 3 |  4- 6 |  7- 9 | 10-12 | 13-15 | 16-18 | 19-21 | 22-24 || total
-------------------------+-------+-------+-------+-------+-------+-------+-------+-------++-------
Melee: Trident           |   109 |   210 |   446 |   594 |  1773 |  2130 |  1993 |  1885 ||  9140
       Peck              |       |       |       |       |       |       |    88 |   537 ||   625
Invok: Divine Shield     |       |       |       |       |       |     3 |     3 |       ||     6
       Cleansing Flame   |       |       |       |       |       |       |    10 |     2 ||    12
       Summon Divine War |       |       |       |       |       |       |     1 |     4 ||     5
 Abil: Fly               |       |       |       |       |       |       |       |     1 ||     1
Evoke: Wand              |       |       |       |       |       |     1 |     3 |       ||     4
       Phantom mirror    |       |       |       |       |       |     1 |       |       ||     1
       Fan of gales      |       |       |       |       |       |       |       |     1 ||     1
  Use: Scroll            |     3 |       |    14 |    10 |    10 |    10 |    20 |     8 ||    75
       Potion            |       |     1 |     1 |     3 |       |     5 |    13 |     2 ||    25
  Eat: Chunk             |     1 |     5 |    10 |    18 |    20 |    23 |     2 |     1 ||    80
       Ration            |       |       |     1 |       |     4 |     6 |    12 |     8 ||    31
Armor: Scale mail        |    47 |   121 |    94 |       |       |       |       |       ||   262
       Plate armour      |       |       |    99 |   275 |   581 |   840 |   783 |   511 ||  3089
       Skin              |       |       |       |       |     1 |       |       |       ||     1
Dodge: Dodged            |    38 |    75 |   103 |   115 |   324 |   403 |   431 |   230 ||  1719
       Deflected         |       |       |       |       |       |     8 |    44 |    17 ||    69
Block: Shield            |    39 |   116 |   193 |   285 |   770 |   399 |   618 |       ||  2420
       Large shield      |       |       |       |       |       |  1240 |   989 |  1676 ||  3905
       Other             |       |       |       |       |       |       |    10 |       ||    10
